 Dungeon Crawl Stone Soup version 0.22-a0-422-g9628fc8 (webtiles) character file.

56 KristoblXynda the Ruffian (level 3, 0/31 HPs)
             Began as a Troll Wizard on May 21, 2018.
             Slain by a gnoll
             ... wielding a +0 flail
              (10 damage)
             ... on level 2 of the Dungeon.
             The game lasted 00:03:29 (1018 turns).

KristoblXynda the Ruffian (Troll Wizard)            Turns: 1018, Time: 00:03:29

Health: 0/31       AC:  5    Str: 15    XL:     3   Next: 69%
Magic:  5/5        EV:  9    Int: 15    God:
Gold:   20         SH:  0    Dex:  8    Spells: 5/6 levels left

rFire    . . .     SeeInvis .     - Unarmed
rCold    . . .     Gourm    +   (no shield)
rNeg     . . .     Faith    .   a - +0 robe
rPois    .         Spirit   .   b - +0 hat
rElec    .         Reflect  .   (no cloak)
rCorr    .         Harm     .   (gloves unavailable)
MR       .....                  (boots unavailable)
Stlth    +.........             (no amulet)
HPRegen  0.50/turn              (no ring)
MPRegen  0.09/turn              (no ring)

@: no status effects
A: large, unfitting armour, claws 3, fast metabolism 3, gourmand, regeneration
1, shaggy fur 1, tough skin 2
a: no special abilities


You were on level 2 of the Dungeon.
You were very full.

You visited 1 branch of the dungeon, and saw 2 of its levels.

You collected 20 gold pieces.

Inventory:

Missiles
 e - 6 large rocks (quivered)
Armour
 a - a +0 robe (worn)
 b - a +0 hat (worn)
Jewellery
 c - an uncursed ring of magical power {unknown}
Scrolls
 f - a scroll of remove curse {unknown}
 h - a scroll of enchant armour {unknown}
 i - a scroll of random uselessness {unknown}
Potions
 g - 2 potions of berserk rage {unknown}
 j - a potion of heal wounds {unknown}
Comestibles
 d - 7 rations


   Skills:
 - Level 1.5 Dodging
 - Level 1.0 Stealth
 * Level 2.2 Unarmed Combat
 - Level 2.0 Spellcasting
 * Level 1.9 Conjurations
   Level 0.6 Summonings
   Level 0.6 Translocations


You had 5 spell levels left.
You knew the following spells:

 Your Spells              Type           Power        Failure   Level  Hunger
a - Magic Dart            Conj           #...         10%         1    #......

Your spell library contained the following spells:

 Spells                   Type           Power        Failure   Level  Hunger
 Conjure Flame            Conj/Fire      #.......     41%         3    ###....
 Slow                     Hex            #.......     32%         2    ###....
 Mephitic Cloud           Conj/Pois/Air  #.......     45%         3    ###....
 Blink                    Tloc           N/A          26%         2    ###....
 Call Imp                 Summ           #.......     26%         2    ###....


Dungeon Overview and Level Annotations

Branches:
Dungeon (2/15)

Altars:


Innate Abilities, Weirdness & Mutations

You are too large for most types of armour.
You have claws for hands.
Your metabolism is lightning-fast.
You like to eat raw meat.
Your natural rate of healing is unusually fast.
You are covered in fur. (AC +1)
You have very tough skin. (AC +2)


Message History

The gnoll is severely wounded.
The gnoll completely misses you.
You barely miss the gnoll.
The gnoll is severely wounded.
The gnoll hits you with a spear.
You closely miss the gnoll.
The gnoll is severely wounded.
The gnoll hits you with a spear.
You scratch the gnoll.
You kill the gnoll!
You scratch the rat.
You kill the rat!
You scratch the gnoll.
The gnoll is lightly wounded.
The gnoll hits you with a flail.
* * * LOW HITPOINT WARNING * * *
You closely miss the gnoll.
The gnoll is lightly wounded.
The gnoll hits you with a flail!
You die...

#.# ##... #.# ....
[.. ... ... ..###.##
.. ... #.############
#.##.# #.#..........#
#sg#@# #.#..........#
#g#g#.#.......(....#
##.#)#.#.#..........#
#.g).....#..........#
#....###.#.......####
#.#..# #......##.####
#.#..# #.###.#..)..†.
#.#..###.# #.....####
#.##>....# #.#.#.#


You could see a gnoll.

Vanquished Creatures
  2 gnolls (D:2)
  A worm (D:2)
  A dart slug (D:1)
  3 leopard geckos (D:1)
  A ball python (D:2)
  4 bats
  A giant cockroach (D:2)
  3 goblins (D:1)
  3 hobgoblins (D:1)
  3 frilled lizards (D:1)
  3 kobolds
  4 rats
29 creatures vanquished.

Notes
Turn   | Place    | Note
-------+----------+-------------------------------------------
     0 | D:1      | KristoblXynda the Troll Wizard began the quest for the Orb.
     0 | D:1      | Reached XP level 1. HP: 16/16 MP: 2/2
   153 | D:1      | Reached skill level 1 in Unarmed Combat
   153 | D:1      | Reached skill level 1 in Conjurations
   158 | D:1      | Reached XP level 2. HP: 22/24 MP: 4/4
   949 | D:2      | Reached XP level 3. HP: 31/31 MP: 5/5
  1018 | D:2      | Slain by a gnoll

Vault maps used:
D:1:      minmay_arrival_diagonal_passages, lemuel_old_faithful

Skill      XL: |  1  2  3 |
---------------+----------+-----
Unarmed Combat | 1 2 |  2.2
Conjurations   | 1 |  1.9
Dodging        | |  1.5
Stealth        | |  1.0
Spellcasting   | |  2.0
Summonings     | |  0.6
Translocations | |  0.6

Action                   || total
-------------------------++-------
Melee: Unarmed           ||    97
 Stab: Sleeping          ||     1
  Eat: Chunk             ||    13
Armor: Robe              ||    37
Dodge: Dodged            ||    55

Table legend:
 A = Spawn XP
 B = Non-spawn XP
 C = Spawn XP percentage of total XP
 D = Spawn monster count
 E = Non-spawn monster count
 F = Spawn count percentage of total count
 G = Total turns spent on level
                    A         B        C        D         E        F      G
               +---------+---------+-------+---------+---------+-------+---------
         Total |       0 |      80 |   0.0 |       0 |      29 |   0.0 |  1018
               +---------+---------+-------+---------+---------+-------+---------
           D:1 |       0 |      39 |   0.0 |       0 |      21 |   0.0 |   931
           D:2 |       0 |      41 |   0.0 |       0 |       8 |   0.0 |    87
               +---------+---------+-------+---------+---------+-------+---------
